 Dungeon Crawl Stone Soup version 0.30.1-11-g7821555f0a (webtiles) character file.

Game seed: 4444388669076940296

1348 Peloso the Carver (level 8, -7/70 HPs)
             Began as a Minotaur Fighter on Jan 7, 2024.
             Was a Follower of Okawaru.
             Mangled by a two-headed ogre
             ... wielding a +0 giant club
              (27 damage)
             ... on level 7 of the Dungeon.
             The game lasted 00:11:20 (4998 turns).

Peloso the Carver (Minotaur Fighter)                Turns: 4998, Time: 00:11:20

Health: -7/70      AC: 11    Str: 21    XL:     8   Next: 36%
Magic:  7/7        EV:  8    Int:  5    God:    Okawaru [*.....]
Gold:   208        SH:  5    Dex: 12    Spells: 7/7 levels left

rFire   . . .        a - +1 long sword
rCold   . . .        d - +0 buckler
rNeg    . . .        c - +0 chain mail
rPois   .            (helmet restricted)
rElec   .            (no cloak)
rCorr   .            z - +0 pair of gloves
SInv    .            (no boots)
Will    .....        y - amulet of regeneration Stlth
                     k - ring of flight
HPRegen 1.11/turn    (no ring)
MPRegen 0.10/turn

%: no passive effects
@: mighty, flying
A: horns 2, retaliatory headbutt
a: Renounce Religion, Heroism


You were on level 7 of the Dungeon.
You worshipped Okawaru.
Okawaru was aware of your devotion.
You visited 1 branch of the dungeon, and saw 7 of its levels.
You also visited: Sewer.

You collected 296 gold pieces.
You spent 88 gold pieces at shops.

Inventory:

Hand Weapons
 a - a +1 long sword (weapon)
Armour
 b - a +0 scale mail
 c - a +0 chain mail (worn)
 d - a +0 buckler (worn)
 r - +0 ice dragon scales
 z - a +0 pair of gloves (worn)
Jewellery
 j - an amulet of the acrobat
 k - a ring of flight (left hand)
 x - a ring of magical power
 y - an amulet of regeneration (around neck)
Wands
 p - a wand of roots (6)
Scrolls
 e - 5 scrolls of immolation
 g - 2 scrolls of teleportation
 i - 2 scrolls of poison
 l - a scroll of enchant weapon
Potions
 m - 2 potions of might
 o - 2 potions of invisibility
 q - 2 potions of flight
 A - 2 potions of mutation
 B - a potion of resistance
 C - a potion of heal wounds {unknown}
 D - a potion of haste


   Skills:
 + Level 6.2 Fighting
 + Level 8.1 Long Blades
 + Level 6.6 Armour
 + Level 2.1 Dodging
 + Level 1.0 Stealth
 + Level 5.9 Shields
 + Level 0.2 Evocations


You had 7 spell levels left.
You didn't know any spells.
Your spell library contained the following spells:

 Spells                   Type           Power      Damage    Failure   Level
 Lesser Beckoning         Tloc           0%         N/A       99%         2
 Gell's Gravitas          Tloc           0%         N/A       100%        3
 Teleport Other           Tloc           0%         N/A       100%        3
 Summon Small Mammal      Summ           Unusable   N/A       N/A         1
 Call Canine Familiar     Summ           Unusable   N/A       N/A         3
 Summon Guardian Golem    Hex/Summ       Unusable   N/A       N/A         3

Dungeon Overview and Level Annotations

Branches:
Dungeon (7/15)             Temple (0/1) D:6           Sewer (visited)

Altars:
Hepliaklqana
Okawaru

Shops:
D:4 *

Annotations:
D:5 Dig


Innate Abilities, Weirdness & Mutations

You have a pair of horns on your head.
You reflexively headbutt those who attack you in melee.


Message History

The black bear closely misses you. x2
The black bear barely misses you. You furiously retaliate!
You headbutt the black bear. The black bear barely misses you.
The black bear claws you.
The black bear attacks as you move away!
The black bear bites you but does no damage.
The black bear claws you but does no damage. x2 2 two-headed ogres come into view.
The two-headed ogre shouts in stereo! x2; You hear a shout!
A spriggan comes into view. It is wielding a +0 dagger.
The spriggan shouts!
You hit the black bear but do no damage.
The black bear is lightly wounded.
The black bear bites you!
The black bear claws you but does no damage.
The black bear completely misses you.
The two-headed ogre hits you with a +0 giant club! x2
The two-headed ogre closely misses you. You furiously retaliate!
You headbutt the two-headed ogre! You block the two-headed ogre's attack.
You block the spriggan's attack.
You feel very mighty all of a sudden.
The black bear bites you but does no damage.
The black bear claws you. x2; The spriggan hits you with a +0 dagger.
Unknown command.
You hit the black bear.
The black bear is lightly wounded.
The two-headed ogre barely misses you. You furiously retaliate!
You headbutt the two-headed ogre! The two-headed ogre barely misses you.
The two-headed ogre hits you with a +0 giant club!
* * * LOW HITPOINT WARNING * * *
The two-headed ogre closely misses you. The black bear completely misses you.
The black bear claws you but does no damage.
The black bear barely misses you. The orc hits you but does no damage.
The spriggan hits you but does no damage.
You barely miss the black bear. Your headbutt misses the black bear.
The black bear is lightly wounded.
The black bear bites you but does no damage.
The black bear claws you but does no damage. x2
The two-headed ogre hits you with a +0 giant club!!
You die...

#...#...##
### ####
#...#...#
#...#..o###
#.........##
#.^......#o.#
.........##.#
.........##o#
###......##h#
##.....##@#
##...##OiO#
#####.....#
8..#.#..8
###.....###
###.### #.#
#.#


You could see 2 two-headed ogres, a black bear, a spriggan and 2 orcs.

Vanquished Creatures
  Menkaure (D:5)
  2 ice beasts (D:6)
  An ogre (D:5)
  2 scorpions (D:6)
  Blork the orc (D:4)
  3 killer bees (D:6)
  A howler monkey (D:5)
  7 jellies
  An orc priest (D:5)
  2 hounds
  A sleepcap (D:6)
  Terence (D:2)
  2 iguanas
  A river rat (Sewer)
  4 adders
  A shadow imp (D:5)
  A worm (D:2)
  3 dart slugs
  20 orcs
  15 endoplasms
  10 giant cockroaches
  8 goblins
  6 hobgoblins
  4 jackals (D:3)
  A quokka (D:1)
  10 ball pythons
  6 bats
  7 frilled lizards
  7 kobolds
  8 rats
137 creatures vanquished.

Notes
Turn   | Place    | Note
-------+----------+-------------------------------------------
     0 | D:1      | Peloso the Minotaur Fighter began the quest for the Orb.
     0 | D:1      | Reached XP level 1. HP: 19/19 MP: 0/0
    88 | D:1      | Reached XP level 2. HP: 27/27 MP: 1/1
   261 | D:1      | Found a faded altar of an unknown god.
   574 | D:2      | Reached XP level 3. HP: 33/33 MP: 2/2
   725 | D:2      | Reached skill level 3 in Long Blades
   780 | D:2      | Noticed Terence
   789 | D:2      | Killed Terence
   790 | D:2      | Reached XP level 4. HP: 33/41 MP: 3/3
  1651 | D:3      | Reached skill level 4 in Long Blades
  1654 | D:3      | You are sucked into a shaft and drop 1 floor!
  1664 | D:4      | Reached XP level 5. HP: 47/47 MP: 4/4
  1674 | D:4      | Reached skill level 1 in Dodging
  2160 | D:4      | Found Jekhlobah's Assorted Antiques.
  2168 | D:4      | Bought a scroll labelled GESACZAHIDD for 18 gold pieces
  2168 | D:4      | Bought a scroll labelled QASKAN KUTOCEDI for 18 gold pieces
  2168 | D:4      | Bought a scroll labelled UPOUQ SAYHEH for 18 gold pieces
  2168 | D:4      | Bought a scroll labelled ZOAN QONANTOGE for 18 gold pieces
  2168 | D:4      | Bought a viscous red potion for 16 gold pieces
  2200 | D:4      | Noticed Blork the orc
  2201 | D:4      | Found an iron altar of Okawaru.
  2215 | D:4      | Killed Blork the orc
  2230 | D:4      | Became a worshipper of Warmaster Okawaru
  2784 | D:5      | Entered Level 5 of the Dungeon
  2787 | D:5      | Noticed an ogre
  2795 | D:5      | Reached skill level 5 in Long Blades
  2795 | D:5      | Reached XP level 6. HP: 54/55 MP: 5/5
  2797 | D:5      | Reached skill level 5 in Armour
  2818 | D:5      | Reached skill level 5 in Fighting
  2866 | D:5      | Reached skill level 6 in Long Blades
  2884 | D:5      | Noticed Menkaure
  2893 | D:5      | Killed Menkaure
  2894 | D:5      | Reached XP level 7. HP: 17/61 MP: 6/6
  3580 | D:6      | Found a hazy altar of Hepliaklqana.
  3601 | D:6      | Reached skill level 7 in Long Blades
  3636 | D:6      | Found a glowing drain.
  3640 | Sewer    | Entered a sewer
  3796 | Sewer    | Found a viscous altar of Jiyva.
  3974 | Sewer    | Reached skill level 5 in Shields
  4168 | D:6      | Reached skill level 1 in Stealth
  4189 | D:6      | Reached * piety under Okawaru
  4190 | D:6      | Reached XP level 8. HP: 15/70 MP: 7/7
  4412 | D:6      | HP: 1/70 [killer bee (5)]
  4534 | D:6      | Reached skill level 8 in Long Blades
  4594 | D:6      | Found a staircase to the Ecumenical Temple.
  4992 | D:7      | Noticed a two-headed ogre
  4992 | D:7      | Noticed a two-headed ogre
  4998 | D:7      | Mangled by a two-headed ogre

Illustrated notes

Levels and vault maps discovered:
D:1:      tarquinn_simple_flora_water_d, layout_basic,
          ebering_ecumenical_altar_hall
D:2:      minmay_angry_zag, layout_basic, minmay_3d_cube, uniq_terence
D:3:      layout_basic
D:4:      layout_basic, okawaru_metal_pillars_1_2, serial_shops, shop,
          uniq_blork_the_orc
D:5:      layout_rooms, serial_glass, glass_columns_a, glass_columns_b,
          due_unseen_surprise, minmay_strange_pillars, uniq_menkaure
D:6:      layout_rooms, nicolae_hepliaklqana_hazy_memory,
          minmay_temple_entry_steel_oval, gup_sewer_entry_bowl
D:7:      layout_layer_cave, nemelex_diamond_rough_becter, enter_bailey_7,
          minmay_misc_feat_encased, kennysheep_pointless_box,
          hellmonk_guarded_unrand_gyre_and_gimble, uniq_joseph

Skill      XL: |  1  2  3  4  5  6  7  8 |
---------------+-------------------------+-----
Armour         | 4 5 6 |  6.6
Shields        | 4 5 |  5.9
Fighting       | 4 5 6 |  6.2
Long Blades    | 3 4 5 6 7 8 |  8.1
Dodging        | 1 2 |  2.1
Stealth        | 1 |  1.0
Evocations     | |  0.2

Action                     |  1- 3 |  4- 6 |  7- 9 || total
---------------------------+-------+-------+-------++-------
  Melee: Long sword        |    92 |   104 |   167 ||   363
         Headbutt          |    14 |    19 |    30 ||    63
 Invoke: Heroism           |       |       |     1 ||     1
  Evoke: Wand              |       |     1 |       ||     1
    Use: Potion            |     3 |     1 |     4 ||     8
         Scroll            |       |     3 |    14 ||    17
 Armour: Scale mail        |    65 |       |       ||    65
         Chain mail        |       |    40 |   122 ||   162
  Dodge: Dodged            |    54 |    41 |    91 ||   186
  Block: Buckler           |    27 |    28 |    58 ||   113
